 Dungeon Crawl Stone Soup version 0.31-a0-188-g5e087ee2ca (webtiles) character file.

Game seed: 17385875412761559123

2218 qw the Skirmisher (level 9, 0/52 HPs)
             Began as a Deep Elf Hunter on June 23, 2023.
             Slain by a lemure (1 damage)
             ... led by Pikel
             ... on level 7 of the Dungeon.
             The game lasted 00:03:00 (5468 turns).

qw the Skirmisher (Deep Elf Hunter)                 Turns: 5468, Time: 00:03:00

Health: 0/52       AC:  7    Str:  9 (12) XL:     9   Next: 13%
Magic:  11/11      EV: 12    Int: 13 (15) God:
Gold:   73         SH:  0    Dex: 17 (18) Spells: 8/8 levels left

rFire   . . .        Y - +1 shortbow (drain)
rCold   . . .        (shield currently unavailable)
rNeg    . . .        i - +0 ring mail
rPois   .            a - +1 helmet
rElec   +            (no cloak)
rCorr   .            (no gloves)
SInv    .            (no boots)
Will    .....        (no amulet)
Stlth   +            (no ring)
HPRegen 0.28/turn    (no ring)
MPRegen 0.12/turn

%: no passive effects
@: no status effects
A: electricity resistance
a: no special abilities


You were on level 7 of the Dungeon.
You visited 2 branches of the dungeon, and saw 8 of its levels.

You collected 271 gold pieces.
You spent 198 gold pieces at shops.


Innate Abilities, Weirdness & Mutations

You are resistant to electric shocks. (rElec)


   Skills:
 - Level 4.1 Fighting
 - Level 14.0 Ranged Weapons
 - Level 1.3 Armour
 + Level 5.5 Dodging
 - Level 1.2 Stealth


You had 8 spell levels left.
You didn't know any spells.
Your spell library was empty.

Inventory:

Hand Weapons
 Y - a +1 shortbow of draining (weapon)
Armour
 a - a +1 helmet (worn)
 i - a +0 ring mail (worn)
 l - a +2 leather armour of fire resistance
Jewellery
 g - a ring of fire
Wands
 b - a wand of digging (5)
Scrolls
 e - a scroll of noise {unknown}
 f - a scroll of identify
Potions
 c - a potion of lignification {unknown}
 d - a potion of invisibility {unknown}
 h - 5 potions of curing
 j - a potion of mutation
 k - a potion of enlightenment
 m - 2 potions of haste

Dungeon Overview and Level Annotations

Branches:
Dungeon (7/15)             Temple (1/1) D:4

Altars:
Ashenzari
Cheibriados
Dithmenos
Elyvilon
Fedhas
Gozag
Hepliaklqana
Makhleb
Qazlal
Ru
Sif Muna
Trog
Uskayaw
Wu Jian
Xom
Yredelemnul
Zin
The Shining One

Shops:
D:4 *

Annotations:
D:5 exclusion: wight
D:7 Pikel


Message History

You shoot an arrow. The arrow hits the lemure!
You kill the lemure!
That felt strangely unrewarding.
Pikel hits you with a +1 whip of freezing.
Pikel freezes you. The lemure hits you but does no damage.
You shoot an arrow. The arrow hits Pikel.
Pikel is moderately wounded.
Pikel completely misses you. The lemure closely misses you.
The lemure hits you.
You shoot an arrow. The arrow completely misses Pikel.
Pikel hits you with a +1 whip of freezing.
Pikel freezes you. The lemure hits you. The lemure closely misses you.
You shoot an arrow. The arrow barely misses Pikel.
Pikel barely misses you. The lemure misses you. The lemure closely misses you.
You shoot an arrow. The arrow closely misses Pikel.
You shoot an arrow.
The arrow hits Pikel but does no damage.
Pikel is moderately wounded.
Pikel barely misses you. The lemure hits you but does no damage.
The lemure closely misses you. The lemure barely misses you.
You shoot an arrow.
The arrow hits Pikel but does no damage.
Pikel is moderately wounded.
Pikel hits you but does no damage. The lemure barely misses you.
The lemure hits you. The lemure barely misses you.
You shoot an arrow. The arrow barely misses Pikel.
Pikel closely misses you. The lemure barely misses you.
The lemure closely misses you. The lemure hits you but does no damage.
You shoot an arrow. The arrow barely misses Pikel.
Pikel hits you with a +1 whip of freezing!
Pikel freezes you. The lemure closely misses you. The lemure hits you. x2
You shoot an arrow.
The arrow hits Pikel but does no damage.
You drain Pikel.
Pikel is moderately wounded.
Pikel hits you with a +1 whip of freezing.
Pikel freezes you.
The lemure hits you but does no damage. x2
The lemure barely misses you.
You shoot an arrow. The arrow barely misses Pikel.
Pikel hits you but does no damage. The lemure hits you.
You die...

#################
#...............#
#.#.###...#####.#
#..........##
#..#.....#@5#
#........55K......
#....#.#....###...
#..........## .
##...#)#...##
#.......>...
#.#.....#.#
#...%.....#
####)######


You could see Pikel (drained) and 3 lemures.

Vanquished Creatures
  Edmund (D:5)
  Duvessa (D:7)
  2 ice beasts (D:5)
  A black bear (D:6)
  Blork the orc (D:6)
  A lemure (D:7)
  A kobold brigand (D:4)
  2 bullfrogs (D:6)
  2 necrophages (D:5)
  4 scorpions
  2 wights (D:5)
  Dowan (D:7)
  4 jellies
  A howler monkey (D:5)
  4 hounds
  2 bullfrog zombies (D:5)
  A human zombie (D:5)
  A gnoll bouda (D:5)
  An orc priest (D:5)
  5 orc wizards
  2 sleepcaps (D:5)
  4 iguanas
  2 hound zombies (D:5)
  A mummy (D:5)
  4 gnolls (D:5)
  A howler monkey zombie (D:5)
  5 adders
  An adder zombie (D:5)
  2 worms (D:3)
  A dart slug (D:1)
  17 orcs
  4 bats
  6 endoplasms
  4 giant cockroaches
  7 hobgoblins
  7 kobolds
  3 quokkas
  6 ball pythons
  7 frilled lizards
  14 goblins
  8 rats
144 creatures vanquished.

Notes
Turn   | Place    | Note
-------+----------+-------------------------------------------
     0 | D:1      | qw the Deep Elf Hunter began the quest for the Orb.
     0 | D:1      | Reached XP level 1. HP: 12/12 MP: 3/3
     0 | D:1      | 0 ||| qw: Version: 0.3-a-9-g12657ce
     0 | D:1      | 0 ||| qw: Game counter: 4322
     0 | D:1      | 0 ||| qw: Always use a shield: true
     0 | D:1      | 0 ||| qw: God list: Okawaru
     0 | D:1      | 0 ||| qw: Allow faded altars: false
     0 | D:1      | 0 ||| qw: Do Orc after D:15 true
     0 | D:1      | 0 ||| qw: Do second Lair branch before Depths: true
     0 | D:1      | 0 ||| qw: Lair rune preference: random
     0 | D:1      | 0 ||| qw: Plans: Normal
     0 | D:1      | 0 ||| PLANNING D:1-11
    28 | D:1      | Found a faded altar of an unknown god.
   200 | D:1      | Reached XP level 2. HP: 16/16 MP: 4/4
   205 | D:1      | Reached skill level 6 in Ranged Weapons
   729 | D:1      | 729 ||| READING 2 scrolls labelled FAPHOE BILITE.
   730 | D:1      | 730 ||| READING scroll of brand weapon.
   730 | D:1      | 730 ||| BRANDING +0 shortbow of freezing.
   731 | D:1      | 731 ||| READING scroll labelled ETULA DAJUI.
   732 | D:1      | 732 ||| READING scroll labelled ACRANI XIEKA.
   733 | D:1      | 733 ||| READING scroll labelled VYJE DUCWORGHU.
   737 | D:1      | 737 ||| READING scroll labelled VUAQAE CIKHOI.
   838 | D:1      | 838 ||| READING scroll labelled LICWOE JOBBOGO.
   839 | D:1      | 839 ||| READING scroll labelled QUIQUT USETOMM.
   840 | D:1      | 840 ||| DRINKING 2 black potions.
   840 | D:1      | Gained mutation: You are resistant to electric shocks.
                  | (rElec) [potion of mutation]
   841 | D:1      | 841 ||| DROPPING scroll of butterflies.
  1169 | D:2      | Reached XP level 3. HP: 18/20 MP: 5/5
  1468 | D:2      | 1468 ||| UPGRADING to +0 scale mail.
  1478 | D:2      | 1478 ||| DROPPING +0 leather armour.
  1479 | D:2      | 1479 ||| UPGRADING to +0 ring mail.
  1489 | D:2      | 1489 ||| DROPPING +0 scale mail.
  1490 | D:2      | 1490 ||| READING scroll labelled YNWOUCIYMM.
  1491 | D:2      | 1491 ||| DRINKING 2 brown potions.
  1542 | D:3      | Reached skill level 7 in Ranged Weapons
  1559 | D:3      | HP: 5/20 [goblin/+0 dagger (2)]
  1560 | D:3      | 1560 ||| READING scroll of teleportation.
  1561 | D:3      | 1561 ||| DRINKING potion of heal wounds.
  1665 | D:3      | Found a shimmering blue altar of Sif Muna.
  1676 | D:3      | Reached XP level 4. HP: 25/25 MP: 6/6
  1693 | D:3      | Reached skill level 8 in Ranged Weapons
  1724 | D:3      | 1724 ||| FLEEEEING.
  1726 | D:3      | 1726 ||| FLEEEEING.
  1729 | D:3      | 1729 ||| STAIRDANCE
  1751 | D:2      | 1751 ||| READING scroll labelled KIEMUOJEIST.
  1752 | D:2      | 1752 ||| DRINKING 2 red potions.
  1857 | D:2      | 1857 ||| READING 2 scrolls of identify.
  1857 | D:2      | 1857 ||| IDENTIFYING viscous clear potion
  1858 | D:2      | 1858 ||| DROPPING potion of berserk rage.
  2213 | D:3      | Reached XP level 5. HP: 29/29 MP: 7/7
  2255 | D:3      | 2255 ||| READING scroll labelled YRE HAQUOGYNE.
  2256 | D:3      | 2256 ||| READING scroll labelled NUSOHI GOSOANU.
  2257 | D:3      | 2257 ||| READING 2 scrolls of identify.
  2257 | D:3      | 2257 ||| IDENTIFYING silvery potion
  2280 | D:4      | Found a staircase to the Ecumenical Temple.
  2281 | D:4      | 2281 ||| PLANNING TEMPLE
  2281 | D:4      | 2281 ||| STAIRDANCE
  2285 | D:4      | 2285 ||| STAIRDANCE
  2289 | D:4      | 2289 ||| STAIRDANCE
  2301 | Temple   | Entered the Ecumenical Temple
  2356 | Temple   | 2356 ||| PLANNING D:1-11
  2437 | D:4      | Reached skill level 9 in Ranged Weapons
  2525 | D:4      | Reached XP level 6. HP: 35/35 MP: 8/8
  2652 | D:4      | 2652 ||| Stepping ~*~*~tactically~*~*~ (outnumbered).
  2655 | D:4      | 2655 ||| Stepping ~*~*~tactically~*~*~ (outnumbered).
  2660 | D:4      | 2660 ||| Stepping ~*~*~tactically~*~*~ (outnumbered).
  2833 | D:4      | Reached skill level 10 in Ranged Weapons
  2847 | D:4      | Found Ohuzxoj's Assorted Antiques.
  2852 | D:4      | 2852 ||| BUYING bone wand (108 gold).
  2852 | D:4      | Bought a bone wand for 108 gold pieces
  2852 | D:4      | 2852 ||| SHOPLISTING scroll of identify (54 gold, have 40).
  2852 | D:4      | 2852 ||| SHOPLISTING scroll of teleportation (81 gold, have
                  | 40).
  2878 | D:4      | Reached skill level 3 in Dodging
  3080 | D:4      | Reached XP level 7. HP: 40/40 MP: 9/9
  3144 | D:4      | Found an opulent altar of Gozag.
  3313 | D:4      | 3313 ||| DROPPING wand of flame (10).
  3334 | D:5      | Entered Level 5 of the Dungeon
  3399 | D:5      | Found Zin's Purification Station.
  3402 | D:5      | 3402 ||| Stepping ~*~*~tactically~*~*~ (outnumbered).
  3404 | D:5      | 3404 ||| Stepping ~*~*~tactically~*~*~ (outnumbered).
  3406 | D:5      | 3406 ||| Stepping ~*~*~tactically~*~*~ (outnumbered).
  3409 | D:5      | 3409 ||| Stepping ~*~*~tactically~*~*~ (outnumbered).
  3416 | D:5      | Reached skill level 11 in Ranged Weapons
  3437 | D:5      | Found a glowing silver altar of Zin.
  3448 | D:5      | 3448 ||| BUYING potion of curing (90 gold).
  3448 | D:5      | Bought a potion of curing for 90 gold pieces
  3580 | D:5      | Reached skill level 12 in Ranged Weapons
  3614 | D:5      | Reached skill level 1 in Armour
  3630 | D:5      | 3630 ||| FLEEEEING.
  3634 | D:5      | 3634 ||| FLEEEEING.
  3635 | D:5      | 3635 ||| FLEEEEING.
  3636 | D:5      | 3636 ||| FLEEEEING.
  3637 | D:5      | 3637 ||| FLEEEEING.
  3638 | D:5      | 3638 ||| FLEEEEING.
  3639 | D:5      | 3639 ||| FLEEEEING.
  3640 | D:5      | 3640 ||| FLEEEEING.
  3641 | D:5      | 3641 ||| FLEEEEING.
  3642 | D:5      | 3642 ||| FLEEEEING.
  3643 | D:5      | 3643 ||| FLEEEEING.
  3644 | D:5      | 3644 ||| FLEEEEING.
  3645 | D:5      | 3645 ||| FLEEEEING.
  3646 | D:5      | 3646 ||| FLEEEEING.
  3647 | D:5      | 3647 ||| FLEEEEING.
  3648 | D:5      | 3648 ||| FLEEEEING.
  3649 | D:5      | 3649 ||| FLEEEEING.
  3650 | D:5      | 3650 ||| FLEEEEING.
  3651 | D:5      | 3651 ||| FLEEEEING.
  3655 | D:5      | 3655 ||| STAIRDANCE
  3726 | D:5      | Reached skill level 3 in Fighting
  3726 | D:5      | Reached XP level 8. HP: 46/46 MP: 10/10
  3846 | D:5      | Found a basalt altar of Yredelemnul.
  3848 | D:5      | HP: 4/42 [wight/+0 halberd (10)]
  3848 | D:5      | HP: 1/40 [wight/+0 halberd (3)]
  3849 | D:5      | 3849 ||| READING scroll of teleportation.
  3850 | D:5      | 3850 ||| DRINKING potion of heal wounds.
  4101 | D:5      | HP: 4/41 [wight/+4 short sword (7)]
  4390 | D:5      | Reached skill level 13 in Ranged Weapons
  4394 | D:5      | Noticed Edmund
  4405 | D:5      | Killed Edmund
  4653 | D:6      | Found a hide-covered altar of Uskayaw.
  4682 | D:6      | Noticed Blork the orc
  4689 | D:6      | Killed Blork the orc
  4740 | D:6      | Reached skill level 14 in Ranged Weapons
  4831 | D:6      | 4831 ||| FLEEEEING.
  4832 | D:6      | 4832 ||| FLEEEEING.
  4833 | D:6      | 4833 ||| FLEEEEING.
  4835 | D:6      | 4835 ||| FLEEEEING.
  4836 | D:6      | 4836 ||| FLEEEEING.
  4837 | D:6      | 4837 ||| FLEEEEING.
  4838 | D:6      | 4838 ||| FLEEEEING.
  4839 | D:6      | 4839 ||| FLEEEEING.
  4840 | D:6      | 4840 ||| FLEEEEING.
  4841 | D:6      | 4841 ||| FLEEEEING.
  4842 | D:6      | 4842 ||| DRINKING 6 potions of curing.
  4842 | D:6      | 4842 ||| (to cure confusion)
  4898 | D:6      | Found a hazy altar of Hepliaklqana.
  4899 | D:6      | Found an ornate altar of the Wu Jian Council.
  4901 | D:6      | Found a blossoming altar of Fedhas.
  5144 | D:6      | Reached XP level 9. HP: 51/51 MP: 11/11
  5288 | D:6      | 5288 ||| UPGRADING to +1 helmet.
  5293 | D:6      | 5293 ||| READING scroll labelled CYTOHU QOUXU.
  5294 | D:6      | 5294 ||| DRINKING 2 blue potions.
  5295 | D:6      | 5295 ||| DRINKING 3 sedimented golden potions.
  5296 | D:6      | 5296 ||| DRINKING 2 lumpy coppery potions.
  5297 | D:6      | 5297 ||| DROPPING potion of magic.
  5298 | D:6      | 5298 ||| DROPPING potion of degeneration.
  5334 | D:7      | 5334 ||| STAIRDANCE
  5393 | D:7      | Noticed Dowan
  5393 | D:7      | Noticed Duvessa
  5404 | D:7      | Killed Duvessa
  5409 | D:7      | Killed Dowan
  5445 | D:7      | Noticed Pikel
  5466 | D:7      | HP: 12/52 [lemure[Pikel] (6)]
  5467 | D:7      | HP: 4/52 [Pikel/+1 whip of freezing (6)]
  5467 | D:7      | HP: 1/52 [Pikel/+1 whip of freezing (3)]
  5468 | D:7      | Slain by a lemure

Levels and vault maps discovered:
D:1:      kennysheep_arrival_seaside, layout_loops_cross,
          dreamdust_ecumenical_altar_statues
D:2:      layout_loops_cross
D:3:      layout_basic, led_sif_book, minmay_goblin_outpost
D:4:      layout_basic, grunt_gozag_breadcrumbs,
          minmay_temple_entry_sparse_star, serial_shops, shop,
          lexackson_kobold_supper
D:5:      layout_basic, zin_purify, lemuel_mausoleum_altar_yredelemnul,
          uniq_edmund
D:6:      layout_loops_ring, nicolae_uskayaw_dance_hall, minitemple,
          uniq_blork_the_orc
D:7:      layout_loops_corners, kiku_gazebo_pond_becter, serial_shops,
          nicolae_shop_pleasant_corner_grove, st_stairs_2, uniq_duvessa,
          uniq_pikel, uniq_joseph
Temple:   zaba_magenta_temple

Skill      XL: |  1  2  3  4  5  6  7  8  9 |
---------------+----------------------------+-----
Ranged Weapons | 6 7 8 9 10 12 14 | 14.0
Fighting       | 2 3 4 |  4.1
Dodging        | 3 5 |  5.5
Armour         | 1 |  1.3
Stealth        | |  1.2

Action                     |  1- 3 |  4- 6 |  7- 9 || total
---------------------------+-------+-------+-------++-------
   Fire: Shortbow          |   136 |   132 |   295 ||   563
    Use: Scroll            |    10 |     5 |     2 ||    17
         Potion            |     3 |     1 |     5 ||     9
 Armour: Leather armour    |     7 |       |       ||     7
         Ring mail         |    16 |     8 |    60 ||    84
  Dodge: Dodged            |    52 |    26 |   136 ||   214

Table legend:
 A = Non-vault XP
 B = Vault XP
 C = Vault XP percentage of total XP
 D = Non-vault monster count
 E = Vault monster count
 F = Vault count percentage of total count
                 A         B        C        D         E       F
            +---------+---------+-------+---------+---------+-------
      Total |    1880 |    1289 |  40.7 |     104 |      39 |  27.3
            +---------+---------+-------+---------+---------+-------
        D:1 |      24 |       0 |   0.0 |      15 |       0 |   0.0
        D:2 |      32 |       0 |   0.0 |      14 |       0 |   0.0
        D:3 |      84 |      93 |  52.5 |      17 |      13 |  43.3
        D:4 |     403 |     107 |  21.0 |      20 |       8 |  28.6
        D:5 |     768 |     686 |  47.2 |      21 |      13 |  38.2
        D:6 |     532 |     100 |  15.8 |      16 |       1 |   5.9
        D:7 |      37 |     303 |  89.1 |       1 |       4 |  80.0
            +---------+---------+-------+---------+---------+-------
